 Dungeon Crawl Stone Soup version 0.13-a0-1536-gedae9ec (webtiles) character file.

471 Kae the Chopper (level 6, -1/51 HPs)
             Began as a Lava Orc Chaos Knight on June 9, 2013.
             Was a Plaything of Xom.
             Slain by a gnoll
             ... wielding a +0,+0 halberd
              (12 damage)
             ... on Level 4 of the Dungeon.
             The game lasted 00:04:33 (2827 turns).

Kae the Chopper (Lava Orc Chaos Knight)             Turns: 2827, Time: 00:04:33

HP  -1/51        AC  5     Str 15      XL: 6   Next:  1%
MP   6/6         EV 11     Int 12      God: Xom
Gold 203         SH  0     Dex 12      Spells:  0 memorised,  5 levels left

Res.Fire  : + . .   See Invis. : .   a - +3,+0 orc hand axe (chaos) {=f}
Res.Cold  : + . .   Warding    : .   b - +2 orc leather armour
Life Prot.: . . .   Conserve   : .   (no shield)
Res.Poison: .       Res.Corr.  : .   (no helmet)
Res.Elec. : .       Clarity    : .   (no cloak)
Sust.Abil.: . .     Spirit.Shd : .   (no gloves)
Res.Mut.  : .       Stasis     : .   (no boots)
Res.Rott. : .       Flight     : .   (no amulet)
Saprovore : + . .                    s - ring of ice
                                     h - ring of invisibility

@: slightly resistant to hostile enchantments, very unstealthy
A: conserve scrolls, saprovore 1
a: Renounce Religion, Evoke Invisibility


You were on level 4 of the Dungeon.
You worshipped Xom.
You were a toy of Xom.
You were not hungry.

You visited 1 branch of the dungeon, and saw 4 of its levels.

You collected 183 gold pieces.

Inventory:

Hand weapons
 a - a +3,+0 orcish hand axe of chaos (weapon) {=f}
Armour
 b - a +2 orcish leather armour (worn)
 m - a +0 buckler
Magical devices
 l - a wand of cold (10)
Comestibles
 c - a meat ration
 d - 2 bread rations
 f - 7 chunks of gnoll flesh
 k - an apple
Jewellery
 h - a ring of invisibility (left hand)
 s - a ring of ice (right hand)
Potions
 e - 3 potions of heal wounds {unknown}
 g - 2 potions of resistance {unknown}
 i - 4 potions of curing {unknown}
 o - 3 potions of restore abilities {unknown}


   Skills:
 + Level 4.9 Fighting
 * Level 6.0 Axes
 + Level 3.9 Armour
 + Level 1.5 Dodging


You had 5 spell levels left.
You didn't know any spells.

Dungeon Overview and Level Annotations

Branches:
Dungeon (4/27)
 Temple: D:4-7

Altars:
Trog


Innate Abilities, Weirdness & Mutations

You have stony skin.
You cover ground slowly.
Your flesh is very heat resistant.
Your lava-based spells are more powerful.
Your flesh is vulnerable to cold.
Your heat harms attackers.
You bathe your surroundings in blazing heat.
You are too hot to use scrolls.
You are very good at protecting items from fire.
You can tolerate rotten meat.


Message History

The gnoll is severely wounded.
The gnoll hits you with a halberd!
* * * LOW HITPOINT WARNING * * *
You are too injured to fight recklessly!
Unknown command.
You are too injured to fight recklessly!
You are too injured to fight recklessly!
You are too injured to fight recklessly!
You are too injured to fight recklessly!
You are too injured to fight recklessly!
You are too injured to fight recklessly!
Unknown command.
You are too injured to fight recklessly!
You are too injured to fight recklessly!
You are too injured to fight recklessly!
Unknown command.
You hit the gnoll but do no damage.
The gnoll is severely wounded.
The gnoll hits you with a halberd!
You die...

#.#.# #....#
#.#%# ##...#
#.#.# #...#
###.#.######
#...#
#..........#
#####
#....%.....#
####..........#
........(.....#
....(.g.@(....#
####...)g.....#
#..........#
#..........#
#####......#
%..)...#
....... ..####
###


You could see a gnoll and a hobgoblin.

Vanquished Creatures
  A centaur skeleton (D:3)
  A jelly (D:4)
  6 adders
  4 gnolls (D:4)
  A giant mite (D:3)
  3 giant geckos (D:3)
  8 orcs
  A ball python (D:1)
  4 giant cockroaches
  12 hobgoblins
  12 jackals
  An ooze (D:1)
  2 quokkas
  9 bats
  4 giant newts
  7 goblins
  8 kobolds
  4 rats
88 creatures vanquished.

Vanquished Creatures (others)
  A rat (D:1)
1 creature vanquished.

Grand Total: 89 creatures vanquished

Notes
Turn   | Place    | Note
--------------------------------------------------------------
     0 | D:1      | Kae, the Lava Orc Chaos Knight, began the quest for the Orb.
     0 | D:1      | Reached XP level 1. HP: 17/17 MP: 1/1
    47 | D:1      | Reached skill level 4 in Axes
    57 | D:1      | XOM: harmless Divn miscast
    72 | D:1      | Reached XP level 2. HP: 22/24 MP: 2/2
   404 | D:2      | Reached XP level 3. HP: 28/30 MP: 3/3
   488 | D:2      | Reached skill level 1 in Dodging
   935 | D:2      | XOM: harmless Erth miscast
  1120 | D:2      | XOM: harmless Erth miscast
  1391 | D:3      | Reached XP level 4. HP: 34/38 MP: 4/4
  1590 | D:3      | Noticed a centaur skeleton
  1591 | D:3      | XOM: harmless Chrm miscast
  1599 | D:3      | Killed a centaur skeleton
  1599 | D:3      | Reached skill level 5 in Axes
  1599 | D:3      | Reached XP level 5. HP: 23/44 MP: 5/5
  1777 | D:3      | XOM: cast spell 'Statue Form'
  1787 | D:3      | XOM: 5-stop teleportation journey
  1871 | D:3      | XOM: vitrification
  1946 | D:3      | XOM: vitrification
  1949 | D:3      | XOM: god gift: scroll labeled SIEXEGEEPN
  1958 | D:3      | XOM: inner flame monster(s)
  2107 | D:3      | XOM: mild Pois miscast
  2289 | D:3      | XOM: harmless Erth miscast
  2344 | D:4      | Found a bloodstained altar of Trog.
  2513 | D:4      | XOM: harmless Divn miscast
  2824 | D:4      | Reached skill level 6 in Axes
  2824 | D:4      | Reached XP level 6. HP: 43/51 MP: 6/6
  2827 | D:4      | Slain by a gnoll

Action                   |  1- 3 |  4- 6 || total
-------------------------+-------+-------++-------
Melee: Hand axe          |   154 |   110 ||   264
  Use: Scroll            |       |     9 ||     9
 Stab: Paralysed         |     3 |     5 ||     8
       Petrifying        |     2 |       ||     2
       Confused          |     1 |       ||     1
